 Dungeon Sprint DCSS version 0.29.1-12-g30fa7ad0bf (webtiles) character file.

Game seed: 10104936232292923031

4308 Groucho the Unseen (level 10, -6/51 HPs)
             Began as a Spriggan Enchanter on Dec 24, 2022.
             Was an Elder of Dithmenos.
             Succumbed to a death drake's dark miasma
             ... in the Dungeon (Sprint II: "The Violet Keep of Menkaure").
             The game lasted 00:08:50 (1052 turns).

Groucho the Unseen (Spriggan Enchanter)             Turns: 1052, Time: 00:08:50

Health: -6/51      AC:  3    Str:  8    XL:     10   Next: 11%
Magic:  24/27      EV: 17    Int: 18    God:    Dithmenos [****..]
Gold:   460        SH:  0    Dex: 15    Spells: 19/33 levels left

rFire   . . .      SeeInvis +   a - +1 dagger
rCold   . . .      Faith    .   (no shield)
rNeg    . . .      Spirit   .   b - +0 robe
rPois   .          Reflect  .   f - +1 hat
rElec   .          Harm     .   (no cloak)
rCorr   .          Rampage  .   (gloves unavailable)
Will    +....      NoTele   +   (boots unavailable)
Stlth   ++++++++++              (no amulet)
HPRegen 0.17/turn               (no ring)
MPRegen 0.20/turn               (no ring)

@: lethally poisoned (-6 -> -61), on berserk cooldown, slowed, wreathed by
umbra, quick
A: very small, no large weapons, unfitting armour, see invisible, speed 3
a: Renounce Religion, Shadow Step


You were in the Dungeon.
You worshipped Dithmenos.
Dithmenos was greatly pleased with you.
You visited 1 branch You collected 1744 gold pieces.
You spent 1284 gold pieces at shops.

Inventory:

Hand Weapons
 a - a +1 dagger (weapon)
Armour
 b - a +0 robe (worn)
 f - a +1 hat (worn)
Potions
 e - a potion of might
 g - a potion of magic


   Skills:
 + Level 5.0 Fighting
 + Level 6.8 Short Blades
 - Level 2.6 Dodging
 - Level 16.8 Stealth
 + Level 12.0 Spellcasting
 * Level 6.6 Conjurations
 + Level 12.2 Hexes
 * Level 8.8 Transmutations
 * Level 8.0 Earth Magic


You had 19 spell levels left.
You knew the following spells:

 Your Spells              Type           Power      Damage    Failure   Level
a - Ensorcelled Hibernat  Hex/Ice        64%        N/A       1%          2
b - Confusing Touch       Hex            53%        N/A       1%          3
c - Statue Form           Tmut/Erth      27%        N/A       30%         6
d - Dazzling Flash        Conj/Hex       88%        N/A       1%          3

Your spell library contained the following spells:

 Spells                   Type           Power      Damage    Failure   Level
 Tukima's Dance           Hex            53%        N/A       1%          3
 Starburst                Conj/Fire      11%        6d5       94%         6
 Ignition                 Fire           5%         3d4       100%        8


Dungeon Overview and Level Annotations

Branches:
Dungeon (1/1)

Altars:
Cheibriados
Dithmenos
Elyvilon
Fedhas
Gozag
Hepliaklqana
Kikubaaqudgha
Makhleb
Nemelex Xobeh
Okawaru
Qazlal
Ru
Sif Muna
Trog
Uskayaw
Vehumet
Wu Jian
Xom
Yredelemnul
Zin
The Shining One
Jiyva
Lugonu

Shops:
D :[!=:[[?!(!!(=*

Annotations:
D exclusion: oklob plant


Innate Abilities, Weirdness & Mutations

You are very small and have problems with some larger weapons.
You are too small for most types of armour.
You have supernaturally acute eyesight. (SInv)
You cover ground extremely quickly. (Speed+++)


Message History

You are engulfed in noxious fumes.
You choke on the stench!
You are confused.
The swamp drake bites you but does no damage.
The death drake bites you. The death drake breathes miasma at you.
The foul vapour misses you. The swamp drake breathes poison at you.
The noxious blast engulfs you but does no damage.
You are poisoned.
Unknown command.
You bump into the stone wall.
You feel less confused.
You feel sick. The death drake barely misses you. The swamp drake misses you.
The death drake bites you.
* * * LOW HITPOINT WARNING * * *
Unknown command.
Unknown command.
You feel sick.
You are no longer poisoned.
Okay, then.
Okay, then.
The swamp drake breathes poison at you.
The noxious blast engulfs the swamp drake but does no damage.
Really walk into a travel-excluded area?
Okay, then.
Really walk into a travel-excluded area?
The swamp drake looks more healthy.
The death drake breathes miasma at you. The foul vapour engulfs you.
You are lethally poisoned!
* * * LOW HITPOINT WARNING * * *
Really walk into a travel-excluded area?
Okay, then.
Unknown command.
Really walk into a travel-excluded area?
You are engulfed in dark miasma.
You are more poisoned.
You feel as though you will be slow longer.
* * * LOW HITPOINT WARNING * * *
You die... .. .. #..'.§..#.°# ##+# ..#..####.#.k# ##.###.####..'°##k# ..#..# ...#..#°°k#### #.#.####..#####°°##)# ?!!?(

##'###.##..#..°°°#.†#▓$?![!!
##.##...#..#.$#○○#††#▓!!$$!$(
'.<.÷##.'..####○○##.#▓$!![(=:
##.##.÷.#....###@○○##▓▓▓▓▓▓▓+
##'###÷##.§....○○○○~~~~~~~~~
#...####~§.....~#'########+###
..#).#~~~§§§~.§~#_._.....#§~~#
#...##~~~~§§§§§~#._._....#~~≈≈
##+##~~~≈§§§~~~~#_._._...#§~§
~ ~~~~~§≈≈≈§§~~#._._._..#§§S
+++#~≈§§§§≈≈~#_._._._.#§~~~
##§≈≈###≈≈#._._._._#§S~~


You could see a death drake (catching breath) and 2 swamp drakes.

Vanquished Creatures
  A death drake (D)
  A merfolk siren (D)
  A yaktaur (D)
  2 unseen horrors (D)
  3 polar bears (D)
  A hornet (D)
  3 yaks (D)
  3 wyverns (D)
  4 neqoxecs (D)
  Menkaure (D)
  A water moccasin (D)
  4 necrophages (D)
  4 scorpions (D)
29 creatures vanquished.

Notes
Turn   | Place    | Note
-------+----------+-------------------------------------------
     0 | D        | Groucho the Spriggan Enchanter began the quest for the Orb.
     0 | D        | Reached XP level 1. HP: 9/9 MP: 5/5
     3 | D        | Noticed a neqoxec
     6 | D        | Noticed a scorpion
     6 | D        | Noticed a scorpion
     6 | D        | Noticed a scorpion
     6 | D        | Noticed a scorpion
    15 | D        | Noticed a necrophage
    15 | D        | Noticed a necrophage
    15 | D        | Noticed a necrophage
    15 | D        | Noticed a necrophage
    23 | D        | Killed a necrophage
    24 | D        | Reached skill level 9 in Stealth
    24 | D        | Reached skill level 5 in Spellcasting
    24 | D        | Reached skill level 5 in Hexes
    24 | D        | Reached XP level 2. HP: 13/13 MP: 6/9
    24 | D        | Reached XP level 3. HP: 16/16 MP: 6/10
    30 | D        | Killed a necrophage
    31 | D        | Reached skill level 11 in Stealth
    31 | D        | Reached XP level 4. HP: 8/21 MP: 7/13
    32 | D        | Killed a necrophage
    33 | D        | Reached skill level 12 in Stealth
    33 | D        | Reached XP level 5. HP: 10/24 MP: 7/15
    35 | D        | Noticed a water moccasin
    37 | D        | Found an iron altar of Okawaru.
    37 | D        | Found a radiant altar of Vehumet.
    38 | D        | Found a glowing silver altar of Zin.
    41 | D        | HP: 1/23 [something (4)]
    43 | D        | Reached skill level 13 in Stealth
    48 | D        | Killed a water moccasin
    59 | D        | Noticed a merfolk siren
    62 | D        | Killed a merfolk siren
    63 | D        | Reached skill level 16 in Stealth
    63 | D        | Reached XP level 6. HP: 28/28 MP: 10/19
    63 | D        | Reached XP level 7. HP: 32/32 MP: 11/21
    70 | D        | Learned a level 2 spell: Ensorcelled Hibernation
    74 | D        | Killed a neqoxec
    75 | D        | Reached skill level 1 in Fighting
    75 | D        | Reached skill level 1 in Conjurations
    75 | D        | Reached skill level 10 in Hexes
    75 | D        | Noticed a neqoxec
    76 | D        | Killed a neqoxec
    77 | D        | Reached skill level 10 in Spellcasting
    77 | D        | Noticed a neqoxec
    77 | D        | Noticed a neqoxec
    82 | D        | Killed a neqoxec
    89 | D        | Killed a neqoxec
    90 | D        | Reached XP level 8. HP: 39/39 MP: 21/23
   381 | D        | Found Ysocloef's Distillery.
   381 | D        | Found Kehoi's Magic Scroll Shop.
   381 | D        | Found Hurev's Distillery.
   381 | D        | Found Atrefor's Jewellery Shop.
   381 | D        | Found Meixum's Antique Armour Boutique.
   382 | D        | Found Doisi's Weapon Boutique.
   382 | D        | Found Qirofumu's Distillery.
   382 | D        | Found Lyutwet's Antique Armour Boutique.
   382 | D        | Found Kischoko's Book Shop.
   382 | D        | Found Nipiliw's Jewellery Boutique.
   383 | D        | Found Noograh's General Store.
   383 | D        | Found Losaymir's Antique Weapon Shop.
   383 | D        | Found Kaoqoromm's Distillery.
   383 | D        | Found Xiduasyd's Antique Armour Boutique.
   383 | D        | Noticed Menkaure
   383 | D        | Noticed a slime creature
   383 | D        | Noticed a slime creature
   394 | D        | Learned a level 3 spell: Confusing Touch
   400 | D        | Killed Menkaure
   404 | D        | Noticed a slime creature
   404 | D        | Noticed an oklob plant
   405 | D        | Found Pupnam's Book Shoppe.
   418 | D        | Noticed a manticore
   455 | D        | Bought a scroll of acquirement for 572 gold pieces
   457 | D        | Acquired 519 gold pieces
   463 | D        | Bought the Commentary on Heated Variation for 460 gold
                  | pieces
   470 | D        | Learned a level 6 spell: Statue Form
   472 | D        | Bought a potion of flight for 36 gold pieces
   472 | D        | Bought a potion of might for 48 gold pieces
   478 | D        | Bought an embroidered hat for 168 gold pieces
   517 | D        | Learned a level 3 spell: Dazzling Flash
   517 | D        | Found a sparkling altar of Nemelex Xobeh.
   517 | D        | Found a hide-covered altar of Uskayaw.
   517 | D        | Found a basalt altar of Yredelemnul.
   518 | D        | Found an opulent altar of Gozag.
   518 | D        | Found a burning altar of Makhleb.
   518 | D        | Found a bloodstained altar of Trog.
   519 | D        | Found a blossoming altar of Fedhas.
   519 | D        | Found a corrupted altar of Lugonu.
   519 | D        | Found a shimmering blue altar of Sif Muna.
   520 | D        | Found a white marble altar of Elyvilon.
   520 | D        | Found an ancient bone altar of Kikubaaqudgha.
   521 | D        | Found a shadowy altar of Dithmenos.
   521 | D        | Found a snail-covered altar of Cheibriados.
   524 | D        | Found a viscous altar of Jiyva.
   524 | D        | Noticed a polar bear
   526 | D        | Found a shimmering altar of Xom.
   526 | D        | Found a sacrificial altar of Ru.
   526 | D        | Found a hazy altar of Hepliaklqana.
   526 | D        | Noticed a hornet
   527 | D        | Found a glowing golden altar of the Shining One.
   527 | D        | Found an ornate altar of the Wu Jian Council.
   527 | D        | Found a stormy altar of Qazlal.
   527 | D        | Noticed a yaktaur
   533 | D        | Became a worshipper of Dithmenos the Shadowed
   542 | D        | Noticed a polar bear
   542 | D        | Noticed a polar bear
   543 | D        | Killed a polar bear
   544 | D        | Reached skill level 5 in Earth Magic
   544 | D        | Killed a polar bear
   546 | D        | Killed a hornet
   546 | D        | Reached * piety under Dithmenos
   547 | D        | Reached skill level 5 in Short Blades
   547 | D        | Reached XP level 9. HP: 45/45 MP: 23/25
   547 | D        | Killed a polar bear
   548 | D        | Reached skill level 5 in Conjurations
   548 | D        | Reached skill level 5 in Transmutations
   549 | D        | Killed a yaktaur
   562 | D        | Reached ** piety under Dithmenos
   577 | D        | Reached *** piety under Dithmenos
   586 | D        | Noticed a deep elf master archer
   589 | D        | Noticed an unseen horror
   589 | D        | Noticed an unseen horror
   591 | D        | Killed an unseen horror
   593 | D        | Killed an unseen horror
  1009 | D        | Noticed a death drake
  1010 | D        | Noticed a death drake
  1010 | D        | Noticed a crystal guardian
  1026 | D        | Killed a death drake
  1026 | D        | Reached **** piety under Dithmenos
  1027 | D        | Reached skill level 5 in Fighting
  1027 | D        | Reached XP level 10. HP: 51/51 MP: 22/27
  1052 | D        | Succumbed to a death drake's dark miasma

Illustrated notes

Levels and vault maps discovered:
D:        the_violet_keep_of_menkaure [sprint2_stairs_cluster_1,
          sprint2_shoproom, sprint2_temple, sprint2_basic_supplies,
          sprint2_obstacle_4, sprint2_obstacle_6, sprint2_obstacle_1,
          sprint2_obstacle_2, sprint2_obstacle_7, sprint2_timed_cluster_1,
          sprint2_smallroom_cluster_1, sprint2_smallroom_final_cluster_1,
          sprint2_transparent_cluster_1, sprint2_second_timed_cluster_1,
          sprint2_sniper_area_1, sprint2_heavy_combat_area_1,
          sprint2_mutation_trap_area_1, sprint2_forest_area_1,
          sprint2_light_combat_area_1, sprint2_behind_water_1,
          sprint2_near_end_vault_1]

Skill      XL: |  1  2  3  4  5  6  7  8  9 |
---------------+----------------------------+-----
Stealth        | 9 11 12 16 | 16.8
Spellcasting   | 5 6 7 9 10 11 12 | 12.0
Hexes          | 5 6 7 9 10 11 12 | 12.2
Fighting       | 2 3 5 |  5.0
Short Blades   | 3 5 6 |  6.8
Conjurations   | 3 4 6 |  6.6
Earth Magic    | 3 5 8 |  8.0
Transmutations | 4 8 |  8.8
Dodging        | |  2.6

Action                   |  1- 3 |  4- 6 |  7- 9 | 10-12 || total
-------------------------+-------+-------+-------+-------++-------
Melee: Dagger            |    12 |    12 |    41 |    17 ||    82
       Punch             |       |       |       |     1 ||     1
 Cast: Ensorcelled Hiber |       |       |    13 |     2 ||    15
       Confusing Touch   |       |       |     1 |       ||     1
       Statue Form       |       |       |     1 |       ||     1
  Use: Potion            |     3 |     1 |     4 |       ||     8
       Scroll            |       |       |     2 |       ||     2
 Stab: Sleeping          |     2 |     1 |    21 |       ||    24
       Invisible         |     2 |     3 |       |       ||     5
       Confused          |       |       |     1 |       ||     1
Armor: Skin              |       |       |    15 |    10 ||    25
       Robe              |       |       |       |     2 ||     2
Dodge: Dodged            |     7 |     6 |    19 |    28 ||    60
